Map: 10000 Feet LE

Players

herO

  • Race: Protoss Protoss

Reynor - Winner!

  • Race: Zerg Zerg

VOD

Have the link to the VOD?

Description

Time

  • Played on: Jan. 18, 2026, 3:15 a.m.
  • Length: 18:26
Show
View Real Time Build Order
Export as new Build Order

herO Protoss 

Build Orders: 1 Gate Expand, Oracle Opening 

Get SALT Encoding   

  12  0:00  Probe  
  13  0:13  Probe  
  13  0:14  Pylon  
  13  0:21  Probe  
  15  0:31  Probe  
  16  0:39  Gateway  
  16  0:43  Probe  
  16  0:48  Assimilator  
  17  0:55  Probe  
  18  1:07  Probe  
  19  1:19  Probe  
  20  1:26  Nexus  
  20  1:36  Cybernetics Core  
  20  1:38  Probe  
  21  1:44  Assimilator  
  21  1:50  Probe  
  21  1:54  Pylon  
  22  2:02  Probe, Adept  
  23  2:14  Probe  
  26  2:17  Stargate  
  26  2:26  Probe, Warp Gate  
  27  2:32  Adept  
  27  2:35  Probe  
  29  2:38  Probe  
  29  2:43  Probe  
  31  2:50  Probe  
  31  2:51  Oracle  
  33  2:53  Probe  
  34  3:03  Probe  
  34  3:04  Adept  
  34  3:05  Probe  
  41  3:12  Pylon  
  41  3:15  Probe  
  41  3:17  Probe  
  43  3:22  Gateway, Oracle  
  43  3:27  Probe  
  43  3:29  Probe  
  48  3:40  Probe  
  49  3:41  Probe  
  50  3:54  Oracle, Probe x2  
  51  4:02  Nexus  
  54  4:03  Pylon  
  54  4:07  Assimilator  
  54  4:11  Assimilator  
  54  4:21  Probe x2  
  54  4:22  Adept  
  54  4:23  Adept  
  60  4:27  Forge  
  60  4:30  Twilight Council  
  60  4:33  Probe x2  
  62  4:45  Blink  
  62  4:48  Probe x2  
  62  4:50  Protoss Ground Weapons Level 1  
  60  4:53  Pylon  
  60  4:54  Gateway  
  60  4:57  Gateway  
  60  5:00  Probe x2  
  60  5:03  Pylon  
  62  5:10  Shield Battery  
  62  5:12  Probe x3  
  64  5:16  Adept  
  64  5:17  Adept  
  64  5:20  Probe  
  69  5:24  Probe x2  
  72  5:29  Oracle  
  72  5:30  Probe  
  73  5:36  Gateway  
  73  5:37  Probe x2  
  73  5:38  Gateway  
  78  5:43  Stalker  
  78  5:49  Stalker  
  78  5:57  Probe x3  
  78  5:59  Stalker x2  
  85  6:07  Gateway, Pylon  
  85  6:09  Probe x3  
  88  6:12  Stalker  
  88  6:15  Robotics Facility  
  88  6:16  Gateway  
  90  6:21  Stalker  
  90  6:24  Probe x2  
  90  6:25  Probe, Assimilator  
  89  6:26  Assimilator  
  89  6:28  Stalker  
  89  6:31  Stalker  
  93  6:34  Stalker  
  93  6:37  Probe x2  
  93  6:39  Shield Battery  
  97  6:41  Pylon  
  97  6:42  Shield Battery  
  97  6:44  Stalker  
  99  6:49  Probe x2  
  101  6:59  Protoss Ground Weapons Level 2  
  101  7:00  Photon Cannon  
  101  7:01  Stalker x4  
  101  7:06  Charge  
  109  7:13  Pylon  
  109  7:15  Photon Cannon  
  109  7:19  Robotics Bay  
  109  7:25  Observer  
  110  7:41  Warp Prism  
  110  7:43  Nexus, Pylon  
  112  7:45  Stalker x2  
  116  7:53  Pylon x2  
  116  7:54  Pylon  
  116  8:04  Colossus  
  116  8:07  Robotics Facility  
  111  8:14  Stalker x8  
  127  8:20  Extended Thermal Lance  
  127  8:30  Gateway, Photon Cannon  
  127  8:31  Gateway  
  127  8:40  Zealot x3  
  127  8:41  Zealot  
  135  8:42  Zealot  
  137  8:49  Templar Archives  
  137  8:52  Colossus  
  137  9:01  Probe x2  
  137  9:02  Probe x2  
  145  9:08  Zealot x5  
  145  9:09  Zealot  
  157  9:10  Zealot  
  157  9:15  Colossus  
  157  9:16  Assimilator  
  159  9:20  Assimilator  
  159  9:28  Zealot  
  157  9:32  Zealot  
  157  9:36  Disruptor, Protoss Ground Weapons Level 3  
  157  9:40  Zealot x4  
  153  9:47  Probe x3  
  153  9:48  Probe  
  157  10:03  Stargate  
  157  10:06  Fleet Beacon  
  157  10:07  High Templar x3  
  157  10:08  Disruptor  
  157  10:14  Photon Cannon, Shield Battery, Archon  
  161  10:15  High Templar, Pylon  
  161  10:19  Pylon  
  163  10:22  Archon  
  163  10:26  Oracle  
  164  10:36  High Templar x2  
  164  10:37  Zealot x4  
  164  10:42  Archon  
  168  10:50  High Templar  
  168  10:57  Immortal x2  
  175  11:08  High Templar x2  
  179  11:12  Pylon  
  179  11:14  Pylon  
  179  11:15  Pylon  
  179  11:16  Pylon x2, Stargate  
  166  11:29  Archon  
  166  11:30  Immortal x2, High Templar  
  171  11:43  Zealot x2  
  171  11:44  Zealot x7  
  158  12:07  Zealot  
  158  12:08  Zealot x3, Tempest x2, Observer  
  146  12:09  Immortal  
  155  12:19  High Templar  
  165  12:26  Observer  
  165  12:29  Probe x3  
  165  12:34  Archon  
  165  12:41  Probe x3  
  165  12:43  Tempest x2  
  128  13:13  High Templar x4, Zealot x6  
  128  13:17  Archon x2  
  146  13:37  Nexus  
  128  13:45  Oracle  
  121  13:50  High Templar x2, Sentry  
  121  13:51  Zealot x4  
  135  13:58  Archon  
  125  14:36  Zealot x7  
  125  14:38  Tempest x2  
  111  15:00  Zealot x4  
  119  15:07  Sentry, Zealot x2  
  91  15:46  Zealot x2  
  91  15:47  Zealot x5  
  97  16:16  Pylon  
  93  16:20  High Templar x3  
  93  16:22  High Templar  
  101  16:28  Observer  
  101  16:29  Archon x2  
  93  16:38  High Templar  
  96  16:49  Probe x3  
  99  16:58  High Templar x2  
  103  17:01  Probe x3  
  103  17:04  Zealot  
  107  17:12  Oracle  
  102  17:20  Observer  
  84  17:39  High Templar x2  
  84  17:42  Archon  
  84  17:43  High Templar  
  88  17:47  Archon x2  
  88  17:51  Zealot x3  
Show
View Real Time Build Order
Export as new Build Order

Reynor Zerg - Winner!

Build Orders: Hatch First, Lurkers 

Get SALT Encoding   

  12  0:00  Drone  
  13  0:08  Drone  
  14  0:14  Extractor, Drone  
  15  0:21  Overlord  
  15  0:40  Drone  
  15  0:41  Drone  
  17  0:50  Hatchery  
  17  0:52  Drone  
  17  0:55  Drone  
  18  1:06  Extractor  
  17  1:11  Spawning Pool  
  17  1:15  Drone  
  17  1:18  Drone  
  18  1:28  Drone  
  19  1:37  Drone  
  20  1:47  Drone  
  21  1:58  Zergling x2  
  22  2:01  Queen  
  22  2:02  Queen, Overlord  
  26  2:09  Zergling x2  
  26  2:13  Drone  
  28  2:16  Metabolic Boost  
  28  2:20  Drone  
  29  2:24  Drone  
  30  2:33  Drone  
  31  2:37  Queen  
  31  2:42  Zergling x2  
  34  2:48  Hatchery  
  33  2:53  Overlord  
  33  2:55  Drone  
  33  2:57  Drone  
  34  2:59  Zergling x2  
  35  3:08  Drone  
  35  3:12  Zergling x2, Queen  
  37  3:16  Overlord  
  37  3:19  Drone  
  40  3:21  Drone  
  40  3:23  Drone  
  40  3:24  Drone  
  40  3:26  Drone  
  44  3:34  Queen  
  44  3:37  Overlord  
  44  3:40  Zergling x2  
  47  3:46  Zergling x2  
  47  3:47  Drone x3  
  51  3:54  Spore Crawler  
  48  3:56  Drone x3  
  48  3:57  Drone  
  48  4:00  Drone  
  54  4:02  Drone  
  54  4:05  Drone  
  55  4:10  Drone  
  55  4:11  Spore Crawler  
  55  4:12  Drone x2  
  57  4:17  Spore Crawler, Drone x2  
  57  4:21  Zergling x2  
  57  4:23  Drone x2  
  60  4:25  Drone  
  60  4:28  Overlord  
  60  4:30  Drone  
  60  4:31  Drone  
  63  4:33  Drone  
  63  4:37  Drone x2  
  63  4:43  Drone  
  63  4:46  Spore Crawler  
  63  4:49  Drone x2  
  63  4:50  Drone x2  
  65  4:56  Drone x3  
  65  4:57  Drone  
  65  4:58  Drone  
  65  4:59  Overlord  
  71  5:01  Drone  
  72  5:11  Zergling x2  
  72  5:14  Overlord  
  73  5:16  Lair  
  73  5:18  Drone x2  
  75  5:22  Hatchery, Drone x3  
  75  5:23  Overlord  
  75  5:26  Drone x3  
  80  5:29  Overlord  
  80  5:30  Drone  
  80  5:32  Drone  
  80  5:33  Drone x2  
  80  5:35  Overlord  
  84  5:38  Zergling x2, Extractor  
  84  5:44  Spore Crawler  
  84  5:46  Drone x2  
  84  5:49  Drone  
  84  5:53  Drone  
  84  5:54  Drone x2  
  84  5:56  Drone x4  
  91  5:57  Extractor, Overlord  
  91  5:59  Drone, Extractor  
  90  6:05  Drone x3  
  90  6:07  Extractor x2  
  90  6:08  Overlord  
  90  6:09  Evolution Chamber  
  90  6:11  Zergling x4  
  91  6:20  Zergling x4  
  91  6:21  Hydralisk Den  
  91  6:23  Zergling x14  
  98  6:28  Queen  
  100  6:33  Hatchery  
  100  6:34  Zergling x10  
  100  6:35  Zergling x2  
  105  6:43  Zerg Missile Weapons Level 1  
  105  6:48  Overlord  
  105  6:51  Hatchery  
  105  6:53  Drone  
  105  6:55  Drone, Grooved Spines  
  105  6:57  Infestation Pit  
  105  7:00  Hydralisk x5  
  115  7:02  Overlord  
  115  7:04  Drone  
  115  7:07  Spore Crawler  
  115  7:11  Hydralisk x3  
  115  7:15  Hydralisk x2  
  121  7:19  Drone x3  
  121  7:20  Drone  
  129  7:25  Drone x4  
  129  7:29  Hydralisk x2  
  137  7:32  Overlord x2  
  137  7:38  Overlord  
  137  7:39  Zergling x2  
  137  7:40  Hydralisk  
  137  7:50  Muscular Augments  
  137  7:51  Hive  
  134  7:52  Zergling x10  
  134  7:53  Lurker Den  
  134  7:54  Drone x3  
  134  7:58  Hydralisk  
  140  7:59  Zergling x6  
  142  8:08  Hydralisk  
  142  8:09  Hydralisk x4  
  150  8:13  Overlord  
  150  8:19  Hydralisk x4, Zergling x2  
  152  8:22  Drone  
  152  8:23  Drone x2, Overlord  
  154  8:28  Hydralisk  
  154  8:29  Zergling x8  
  154  8:32  Hydralisk  
  154  8:33  Zergling x2  
  160  8:35  Queen  
  160  8:36  Extractor  
  160  8:37  Extractor  
  160  8:38  Zerg Missile Weapons Level 2  
  160  8:41  Hydralisk, Zergling x2  
  160  8:43  Hydralisk  
  160  8:44  Zergling x2  
  160  8:48  Zergling x8  
  169  8:51  Overlord  
  170  8:59  Hydralisk  
  170  9:00  Zergling x14  
  173  9:03  Seismic Spines  
  171  9:12  Drone x3  
  169  9:25  Hydralisk x2  
  169  9:26  Zergling x12  
  169  9:34  Viper x2  
  173  9:40  Zergling x12  
  173  9:43  Drone x3  
  173  9:45  Hydralisk, Overlord, Spine Crawler  
  176  9:46  Overlord, Spine Crawler x2  
  175  9:56  Lurker x5  
  180  10:00  Adaptive Talons  
  180  10:02  Lurker  
  181  10:10  Lurker x2  
  181  10:14  Lurker  
  184  10:16  Drone x2, Hatchery  
  184  10:19  Drone x2, Evolution Chamber  
  186  10:23  Spine Crawler  
  186  10:26  Lurker x2  
  187  10:32  Pneumatized Carapace  
  187  10:33  Hatchery  
  186  10:37  Overseer x3  
  180  10:43  Hydralisk x2, Zergling x18  
  180  10:44  Zergling x2, Lurker  
  189  10:50  Hydralisk, Zergling x6  
  189  10:51  Zergling x12  
  189  10:55  Overlord  
  200  10:57  Zerg Melee Weapons Level 1  
  195  11:18  Hydralisk  
  195  11:19  Zergling x4  
  185  11:28  Hydralisk x11  
  185  11:29  Zergling x2  
  185  11:32  Overlord  
  196  11:43  Hydralisk x3  
  198  11:53  Hydralisk  
  175  12:10  Lurker x5  
  175  12:11  Lurker x2, Zergling x24  
  175  12:12  Zergling x8  
  193  12:25  Hydralisk  
  193  12:26  Zergling x12  
  199  12:38  Spine Crawler  
  199  12:39  Extractor  
  199  12:40  Spore Crawler  
  199  12:42  Lurker x8, Extractor  
  197  12:48  Zergling x6  
  199  12:52  Zerg Melee Weapons Level 2  
  198  13:02  Hydralisk  
  198  13:03  Hydralisk x5  
  195  13:07  Hydralisk x3  
  195  13:09  Zergling x14  
  195  13:10  Zergling x4  
  195  13:12  Queen  
  177  13:13  Hydralisk  
  177  13:17  Hydralisk x2  
  177  13:18  Zergling x4  
  186  13:21  Hydralisk  
  186  13:22  Zergling x10  
  194  13:27  Hydralisk  
  194  13:28  Zergling x2  
  194  13:31  Hydralisk  
  194  13:32  Zergling x4  
  192  13:37  Zergling x2  
  180  13:42  Hydralisk x5  
  180  13:44  Hydralisk x2  
  180  13:45  Zergling x4  
  180  13:46  Hydralisk  
  191  13:51  Hydralisk  
  191  13:52  Zergling x2, Hatchery  
  192  13:59  Hydralisk  
  192  14:00  Zergling x4  
  195  14:04  Hydralisk  
  195  14:07  Zergling x2  
  198  14:11  Zergling x4  
  199  14:20  Zergling x2  
  190  14:28  Hydralisk x2  
  190  14:29  Zergling x10  
  192  14:34  Hydralisk  
  192  14:35  Zergling x10  
  199  14:39  Zergling x2  
  199  14:42  Zergling x4  
  190  14:47  Hydralisk x4  
  190  14:51  Hydralisk  
  163  14:54  Hydralisk x2  
  163  14:56  Hydralisk  
  155  15:00  Hydralisk x2  
  155  15:07  Spire, Lurker x2  
  158  15:10  Zergling x12  
  158  15:12  Lurker x3  
  169  15:14  Hydralisk x2  
  169  15:15  Zergling x2  
  169  15:17  Lurker  
  175  15:21  Hydralisk x4  
  175  15:24  Hydralisk x2  
  172  15:39  Zergling x16  
  176  15:46  Lurker x3  
  177  15:51  Lurker x2, Hydralisk  
  177  15:52  Hydralisk, Zergling x2  
  177  15:54  Overlord  
  177  15:55  Hydralisk  
  177  15:56  Zergling x2  
  181  16:04  Hydralisk, Zergling x2  
  177  16:05  Zergling x6  
  177  16:08  Unknown  
  177  16:09  Hydralisk  
  177  16:10  Zergling x2  
  183  16:17  Hydralisk, Zergling x6  
  187  16:36  Lurker  
  187  16:37  Lurker  
  187  16:39  Overseer x2  
  189  16:43  Zergling x6  
  189  16:44  Overlord  
  192  16:47  Hatchery  
  192  16:50  Overseer x3  
  186  17:05  Zergling x4  
  188  17:12  Hydralisk  
  188  17:13  Hydralisk x3, Zergling x2  
  188  17:14  Zergling x6  
  188  17:17  Hydralisk x2, Zergling x4  
  188  17:19  Hydralisk, Zergling x4  
  191  17:32  Corruptor x3  
  191  17:36  Corruptor  
  199  18:03  Zergling x6  
  199  18:04  Zergling x2  
  176  18:07  Zergling x6  
  176  18:09  Hatchery  
Tags
 
Add a new tag
Caveats
  • Supply blocks, unpowered buildings, or Contaminate may cause inaccurate times.
  • Supply counts are checked every 10 seconds.